 Dungeon Crawl Stone Soup version 0.25.1-8-g42b30a86e7 (webtiles) character file.

Game seed: 11839264100197055772

112 DuloT34 the Ducker (level 4, -6/37 HPs)
             Began as a Merfolk Gladiator on Dec 17, 2020.
             Was an Initiate of Yredelemnul.
             Killed by divine providence
             ... invoked by an orc priest
              (12 damage)
             ... on level 2 of the Dungeon on Dec 19, 2020.
             The game lasted 00:11:40 (1890 turns).

DuloT34 the Ducker (Merfolk Gladiator)              Turns: 1890, Time: 00:11:41

Health: -6/37      AC:  8    Str: 14    XL:     4   Next: 93%
Magic:  4/4        EV: 12    Int:  7    God:    Yredelemnul [......]
Gold:   88         SH:  0    Dex: 16    Spells: 3/3 levels left

rFire    . . .     SeeInvis +   a - +1 trident
rCold    . . .     Gourm    .   (no shield)
rNeg     . . .     Faith    .   k - +0 scale mail
rPois    .         Spirit   .   c - +0 helmet
rElec    .         Reflect  .   n - +0 cloak
rCorr    .         Harm     .   (no gloves)
MR       .....                  (no boots)
Stlth    ..........             (no amulet)
HPRegen  0.12/turn              e - ring of see invisible
MPRegen  0.09/turn              (no ring)

@: about to teleport
A: change form in water, swift swim, stealthy swim
a: Renounce Religion


You were on level 2 of the Dungeon.
You worshipped Yredelemnul.
Yredelemnul was noncommittal.
You were not hungry.

You visited 1 branch of the dungeon, and saw 3 of its levels.

You collected 88 gold pieces.

Inventory:

Hand Weapons
 a - a +1 trident (weapon)
 g - a +3 quarterstaff of chaos
Missiles
 d - 3 throwing nets (quivered)
 l - 2 boomerangs
Armour
 b - a +0 leather armour
 c - a +0 helmet (worn)
 k - a +0 scale mail (worn)
 n - a +0 cloak (worn)
Jewellery
 e - a ring of see invisible (left hand)
Scrolls
 h - a scroll of enchant weapon
 j - a scroll of remove curse
 m - a scroll of identify
Comestibles
 f - 4 rations


   Skills:
 + Level 4.1 Fighting
 - Level 4.4 Polearms
 - Level 2.0 Throwing
 + Level 5.8 Dodging


You had 3 spell levels left.
You didn't know any spells.
Your spell library was empty.

Dungeon Overview and Level Annotations

Branches:
Dungeon (3/15)

Altars:
Yredelemnul


Message History

You climb upwards.
There is a stone staircase leading down here.
You aren't carrying any potions.
As you read the scroll labeled LININAUMUNT, it crumbles to dust.
You feel strangely unstable.
It was a scroll of teleportation.
The orc priest barely misses you.
The orc priest miscasts a cantrip.
Your surroundings suddenly seem different.
You closely miss the orc priest.
The orc priest is lightly wounded.
The orc priest miscasts a cantrip.
As you read the scroll of teleportation, it crumbles to dust.
You feel strangely unstable. The orc priest closely misses you.
You hit the orc priest.
The orc priest is moderately wounded.
The orc priest barely misses you.
The orc priest invokes the aid of Beogh against you.
Beogh smites you!
You die...
Your body rises from the dead as a mindless zombie.

########.# #........#
########........#####
#...............'.)..
#.######........#####
#.# #........# # #.#
#........# ##
#.######........####.
#>o.@..'.............
#.######........#####
#.# #........# #
#.###############
#.........# #####
#########)#######....
#..............##....
#..............##....
#........).....##....


You could see an orc priest.

Vanquished Creatures
  Crazy Yiuf (D:2)
  3 adders (D:2)
  2 worms (D:2)
  2 dart slugs
  A leopard gecko (D:1)
  5 bats
  2 giant cockroaches (D:1)
  6 goblins
  2 hobgoblins
  5 jackals (D:1)
  5 frilled lizards
  5 kobolds (D:1)
  9 rats
48 creatures vanquished.

Notes
Turn   | Place    | Note
-------+----------+-------------------------------------------
     0 | D:1      | DuloT34 the Merfolk Gladiator began the quest for the Orb.
     0 | D:1      | Reached XP level 1. HP: 16/16 MP: 1/1
   215 | D:1      | Reached XP level 2. HP: 23/23 MP: 2/2
   506 | D:1      | Reached XP level 3. HP: 29/29 MP: 3/3
   812 | D:2      | Reached skill level 5 in Dodging
  1068 | D:2      | Reached XP level 4. HP: 36/36 MP: 4/4
  1079 | D:2      | Found a basalt altar of Yredelemnul.
  1090 | D:2      | Became a worshipper of Yredelemnul the Dark
  1477 | D:2      | Found a runed translucent door.
  1478 | D:2      | Noticed Crazy Yiuf
  1662 | D:2      | Killed Crazy Yiuf
  1890 | D:2      | Killed from afar by an orc priest

Illustrated notes

Levels and vault maps discovered:
D:1:      dpeg_arrival_simpleton_a, layout_basic
D:2:      layout_basic, lemuel_coloured_pillars_altar, first_ration,
          minmay_misc_feat_cross, uniq_crazy_yiuf_cottage
D:3:      minmay_wonky_spiral, layout_loops_ring, old_standard_altar,
          overflow_temple_1_default

Skill      XL: |  1  2  3  4 |
---------------+-------------+-----
Fighting       | 3 4 |  4.1
Dodging        | 5 |  5.8
Polearms       | |  4.4
Throwing       | |  2.0

Action                   |  1- 3 |  4- 6 || total
-------------------------+-------+-------++-------
Melee: Trident           |    99 |    31 ||   130
  Use: Scroll            |     5 |     2 ||     7
 Stab: Sleeping          |     3 |       ||     3
  Eat: Chunk             |     1 |     1 ||     2
       Ration            |       |     1 ||     1
Armor: Leather armour    |    18 |     2 ||    20
       Scale mail        |       |     2 ||     2
Dodge: Dodged            |    54 |    17 ||    71
